General information
- name: BNet
- type: Ladder team game (AT/RT)
- host: Battle.net
- saver: 147847281478278
map: Friends
- players: 8
- length: 24:16
- speed: Fast
- version: 1.26 W3XP
- replay type: Public
» download(167 KB)
Players
team 1 (winner)
MrMuscularity (
teal | 83 APM | 2022 actions | 24:16)
9 Warden
3 Fan of Knives
3 Blink
1 Spirit of Vengeance
2 Shadow Strike
» actions
| Assign group hotkey | 38 | |
| Basic commands | 27 | |
| Build / train | 76 | |
| ESC pressed | 1 | |
| Enter build submenu | 23 | |
| Enter hero's abilities submenu | 9 | |
| Give item / drop item | 1 | |
| Right click | 852 | |
| Select / deselect | 138 | |
| Select group hotkey | 732 | |
| Use ability | 125 | |
2022 total
» units
| Wisp | 17 | |
| Archer | 10 | |
| Hippogryph | 9 | |
| Druid of the Talon | 2 | |
38 total
» upgrades
| Ultravision | 1 | |
| Well Spring | 1 | |
| Strength of the Wild | 2 | |
| Reinforced Hides | 2 | |
| Nature's Blessing | 1 | |
| Druid of the Talon Training | 2 | |
9 total
» buildings
| Altar of Elders | 1 | |
| Moon Well | 14 | |
| Ancient of War | 1 | |
| Tree of Ages | 1 | |
| Hunter's Hall | 1 | |
| Ancient of Wonders | 2 | |
| Tree of Eternity | 1 | |
| Ancient of Wind | 3 | |
24 total
» build order
00:18 Altar of Elders
00:33 Moon Well
00:49 Ancient of War
01:40 Moon Well
01:54 Moon Well
02:32 Moon Well
03:35 Tree of Ages
04:38 Hunter's Hall
05:07 Moon Well
05:11 Ancient of Wonders
06:07 Tree of Eternity
06:11 Ancient of Wind
06:12 Ancient of Wind
06:13 Ancient of Wind
06:27 Moon Well
14:45 Moon Well
14:49 Moon Well
21:01 Ancient of Wonders
21:06 Moon Well
21:07 Moon Well
21:08 Moon Well
22:11 Moon Well
22:12 Moon Well
22:12 Moon Well
» items
| Anti-magic Potion | 2 | |
| Orb of Venom | 1 | |
| Potion of Mana | 5 | |
| Moonstone | 2 | |
| Sobi Mask | 1 | |
| Lesser Clarity Potion | 1 | |
| Potion of Healing | 1 | |
| Potion of Divinity | 1 | |
14 total

»
nooboflavin (
blue | 57 APM | 1387 actions | 24:16)
5 Archmage
3 Summon Water Elemental
2 Brilliance Aura
5 Paladin
3 Holy Light
1 Divine Shield
1 Devotion Aura
5 Mountain King
3 Storm Bolt
2 Thunder Clap
» actions
| Assign group hotkey | 36 | |
| Build / train | 66 | |
| Enter build submenu | 37 | |
| Enter hero's abilities submenu | 17 | |
| Give item / drop item | 3 | |
| Right click | 493 | |
| Select / deselect | 279 | |
| Select group hotkey | 361 | |
| Use ability | 95 | |
1387 total
» units
| Peasant | 14 | |
| Gryphon Rider | 7 | |
| Mortar Team | 3 | |
24 total
» upgrades
| Swords | 3 | |
| Lumber Harvesting | 2 | |
| Armor | 3 | |
| Storm Hammers | 1 | |
| Masonry | 1 | |
10 total
» buildings
| Altar of Kings | 1 | |
| Farm | 9 | |
| Lumber Mill | 1 | |
| Arcane Vault | 2 | |
| Keep | 1 | |
| Blacksmith | 1 | |
| Scout Tower | 12 | |
| Castle | 1 | |
| Gryphon Aviary | 3 | |
| Guard Tower | 2 | |
| Town Hall | 1 | |
| Workshop | 2 | |
| Cannon Tower | 4 | |
40 total
» build order
00:05 Altar of Kings
00:07 Farm
00:48 Lumber Mill
01:13 Farm
01:40 Arcane Vault
01:46 Arcane Vault
03:12 Farm
03:13 Keep
03:18 Blacksmith
05:33 Scout Tower
05:35 Scout Tower
05:36 Scout Tower
05:39 Scout Tower
05:41 Scout Tower
05:44 Castle
05:48 Gryphon Aviary
05:52 Gryphon Aviary
06:12 Gryphon Aviary
06:18 Guard Tower
06:51 Guard Tower
08:19 Farm
08:41 Farm
08:44 Farm
10:11 Farm
10:34 Farm
11:50 Town Hall
13:22 Farm
14:08 Workshop
14:13 Workshop
19:14 Scout Tower
19:15 Scout Tower
19:16 Scout Tower
19:18 Scout Tower
19:18 Scout Tower
19:36 Cannon Tower
20:05 Cannon Tower
20:19 Cannon Tower
21:00 Cannon Tower
21:04 Scout Tower
21:08 Scout Tower
» items
| Scroll of Town Portal | 2 | |
| Potion of Healing | 1 | |
| Scroll of Regeneration | 2 | |
5 total
the_dark_elves (
yellow | 41 APM | 986 actions | 24:16)
6 Naga Sea Witch
3 Forked Lightning
2 Frost Arrows
1 Tornado
» actions
| Build / train | 79 | |
| Enter build submenu | 20 | |
| Enter hero's abilities submenu | 6 | |
| Right click | 634 | |
| Select / deselect | 201 | |
| Use ability | 46 | |
986 total
» units
| Peasant | 11 | |
| Footman | 7 | |
| Rifleman | 4 | |
| Dragonhawk Rider | 13 | |
| Knight | 12 | |
| Forest Troll Shadow Priest | 2 | |
49 total
» upgrades
| Plating | 2 | |
| Swords | 2 | |
| Lumber Harvesting | 1 | |
| Masonry | 1 | |
| Armor | 3 | |
| Cloud | 1 | |
10 total
» buildings
| Barracks | 1 | |
| Farm | 10 | |
| Altar of Kings | 1 | |
| Lumber Mill | 1 | |
| Blacksmith | 1 | |
| Arcane Vault | 1 | |
| Keep | 1 | |
| Scout Tower | 4 | |
| Guard Tower | 3 | |
| Gryphon Aviary | 1 | |
| Castle | 1 | |
25 total
» build order
00:27 Barracks
00:39 Farm
00:55 Altar of Kings
01:15 Farm
01:55 Farm
02:28 Lumber Mill
02:48 Blacksmith
02:53 Farm
03:20 Arcane Vault
04:13 Farm
04:17 Keep
05:22 Farm
06:17 Scout Tower
06:18 Scout Tower
06:19 Scout Tower
06:21 Farm
07:09 Guard Tower
07:20 Gryphon Aviary
08:35 Castle
08:41 Farm
08:42 Guard Tower
10:13 Scout Tower
10:17 Farm
11:24 Guard Tower
11:27 Farm
» items
| Scroll of Regeneration | 2 | |
| Lesser Clarity Potion | 2 | |
| Book of the Dead | 1 | |
| Scroll of Town Portal | 2 | |
| Potion of Healing | 1 | |
8 total
deadman_inc (
green | 33 APM | 791 actions | 24:16)
5 Demon Hunter
3 Mana Burn
2 Evasion
» actions
| Assign group hotkey | 19 | |
| Build / train | 60 | |
| Enter build submenu | 14 | |
| Enter hero's abilities submenu | 5 | |
| Remove unit from queue | 2 | |
| Right click | 288 | |
| Select / deselect | 297 | |
| Select group hotkey | 58 | |
| Use ability | 48 | |
791 total
» units
» upgrades
| Strength of the Wild | 3 | |
| Reinforced Hides | 3 | |
| Ultravision | 1 | |
| Abolish Magic | 1 | |
8 total
» buildings
| Altar of Elders | 1 | |
| Ancient of War | 1 | |
| Moon Well | 6 | |
| Hunter's Hall | 1 | |
| Tree of Ages | 1 | |
| Ancient of Lore | 2 | |
| Ancient of Wonders | 1 | |
| Tree of Eternity | 1 | |
| Tree of Life | 1 | |
15 total
» build order
00:07 Altar of Elders
00:09 Ancient of War
00:16 Moon Well
01:48 Moon Well
02:37 Hunter's Hall
02:58 Moon Well
03:41 Moon Well
04:43 Moon Well
05:05 Tree of Ages
06:22 Moon Well
07:29 Ancient of Lore
07:33 Ancient of Lore
08:44 Ancient of Wonders
12:59 Tree of Eternity
18:42 Tree of Life
» items
team 2 (loser)

»
FrAnKeInStEiN (
red | 73 APM | 1684 actions | 23:08)
6 Blood Mage
3 Flame Strike
2 Siphon Mana
1 Summon Phoenix
» actions
| Assign group hotkey | 26 | |
| Basic commands | 25 | |
| Build / train | 83 | |
| Enter build submenu | 30 | |
| Enter hero's abilities submenu | 6 | |
| Remove unit from queue | 1 | |
| Right click | 833 | |
| Select / deselect | 310 | |
| Select group hotkey | 312 | |
| Use ability | 58 | |
1684 total
» units
| Peasant | 16 | |
| Rifleman | 22 | |
| Sorceress | 8 | |
46 total
» upgrades
| Gunpowder | 2 | |
| Armor | 2 | |
| Masonry | 2 | |
| Long Rifles | 1 | |
| Lumber Harvesting | 1 | |
| Sorceress Training | 2 | |
10 total
» buildings
| Altar of Kings | 2 | |
| Farm | 13 | |
| Blacksmith | 1 | |
| Barracks | 1 | |
| Lumber Mill | 1 | |
| Arcane Vault | 1 | |
| Scout Tower | 3 | |
| Guard Tower | 2 | |
| Arcane Tower | 1 | |
| Keep | 1 | |
| Arcane Sanctum | 1 | |
| Town Hall | 1 | |
| Castle | 1 | |
29 total
» build order
00:04 Altar of Kings
00:06 Farm
00:11 Altar of Kings
00:50 Farm
01:07 Blacksmith
02:11 Barracks
02:47 Farm
03:26 Farm
03:30 Lumber Mill
03:51 Arcane Vault
04:04 Scout Tower
04:36 Scout Tower
04:39 Guard Tower
05:02 Farm
05:08 Arcane Tower
05:17 Scout Tower
05:55 Farm
05:58 Guard Tower
06:59 Farm
07:01 Keep
07:47 Farm
08:30 Farm
10:13 Farm
10:22 Arcane Sanctum
10:54 Farm
12:06 Farm
13:32 Town Hall
13:41 Farm
13:43 Castle
» items
| Scroll of Regeneration | 5 | |
| Lesser Clarity Potion | 2 | |
| Scroll of Town Portal | 3 | |
| Orb of Fire | 1 | |
| Potion of Healing | 2 | |
| Potion of Mana | 1 | |
14 total

»
shon (
purple | 47 APM | 1131 actions | 23:57)
5 Demon Hunter
3 Immolation
2 Evasion
1 Keeper of the Grove
1 Force of Nature
» actions
| Assign group hotkey | 23 | |
| Basic commands | 7 | |
| Build / train | 46 | |
| ESC pressed | 1 | |
| Enter build submenu | 19 | |
| Enter hero's abilities submenu | 6 | |
| Right click | 431 | |
| Select / deselect | 309 | |
| Select group hotkey | 235 | |
| Use ability | 54 | |
1131 total
» units
» upgrades
| Improved Bows | 1 | |
| Druid of the Talon Training | 1 | |
| Corrosive Breath | 1 | |
| Strength of the Wild | 1 | |
| Reinforced Hides | 1 | |
5 total
» buildings
| Altar of Elders | 1 | |
| Moon Well | 8 | |
| Ancient of War | 1 | |
| Hunter's Hall | 1 | |
| Tree of Ages | 1 | |
| Ancient Protector | 1 | |
| Ancient of Wind | 1 | |
| Tree of Eternity | 2 | |
| Chimaera Roost | 3 | |
| Ancient of Wonders | 1 | |
| Tree of Life | 1 | |
21 total
» build order
00:14 Altar of Elders
00:23 Moon Well
00:43 Ancient of War
01:39 Moon Well
02:31 Hunter's Hall
03:43 Moon Well
04:07 Tree of Ages
05:12 Ancient Protector
05:48 Moon Well
07:19 Ancient of Wind
07:26 Moon Well
07:30 Moon Well
07:33 Tree of Eternity
08:48 Moon Well
10:02 Chimaera Roost
10:05 Chimaera Roost
10:07 Chimaera Roost
11:29 Ancient of Wonders
15:12 Moon Well
20:28 Tree of Life
147847281478278 (
orange | 50 APM | 1205 actions | 24:16)
4 Blademaster
2 Wind Walk
2 Critical Strike
» actions
| Assign group hotkey | 87 | |
| Basic commands | 28 | |
| Build / train | 71 | |
| Enter build submenu | 19 | |
| Enter hero's abilities submenu | 4 | |
| Remove unit from queue | 2 | |
| Right click | 468 | |
| Select / deselect | 307 | |
| Select group hotkey | 171 | |
| Use ability | 48 | |
1205 total
» units
| Peon | 10 | |
| Grunt | 15 | |
| Demolisher | 8 | |
| Wind Rider | 2 | |
| Troll Batrider | 3 | |
38 total
» upgrades
| Melee Weapons | 1 | |
| Armor | 1 | |
| Ranged Weapons | 2 | |
| Spiked Barricades | 1 | |
| Berserker Strength | 1 | |
| Burning Oil | 1 | |
| Reinforced Defenses | 1 | |
| Liquid Fire | 0 | |
| Magic Sentry | 1 | |
9 total
» buildings
| Altar of Storms | 1 | |
| Barracks | 1 | |
| Orc Burrow | 7 | |
| War Mill | 1 | |
| Stronghold | 1 | |
| Watch Tower | 4 | |
| Voodoo Lounge | 1 | |
| Fortress | 1 | |
| Beastiary | 2 | |
19 total
» build order
00:03 Altar of Storms
00:10 Barracks
00:22 Orc Burrow
02:35 Orc Burrow
02:46 Orc Burrow
03:02 Orc Burrow
04:10 War Mill
04:24 Stronghold
05:50 Orc Burrow
06:41 Watch Tower
08:15 Orc Burrow
10:03 Watch Tower
10:04 Watch Tower
10:49 Orc Burrow
11:14 Voodoo Lounge
11:17 Fortress
13:02 Beastiary
13:06 Beastiary
13:28 Watch Tower
» items
| Scroll of Speed | 2 | |
| Scroll of Town Portal | 3 | |
| Orb of Lightning | 1 | |
| Potion of Mana | 1 | |
| Healing Salve | 1 | |
8 total
eclipsenight (
pink | 44 APM | 989 actions | 22:41)
2 Archmage
1 Summon Water Elemental
1 Brilliance Aura
» actions
| Basic commands | 7 | |
| Build / train | 91 | |
| Enter build submenu | 24 | |
| Enter hero's abilities submenu | 2 | |
| Remove unit from queue | 3 | |
| Right click | 529 | |
| Select / deselect | 294 | |
| Use ability | 39 | |
989 total
» units
| Peasant | 9 | |
| Footman | 9 | |
| Rifleman | 7 | |
| Siege Engine | 24 | |
| Flying Machine | 14 | |
63 total
» upgrades
| Masonry | 1 | |
| Gunpowder | 2 | |
| Plating | 2 | |
| Long Rifles | 0 | |
| Barrage | 1 | |
| Flak Cannons | 1 | |
| Flying Machine Bombs | 1 | |
8 total
» buildings
| Altar of Kings | 1 | |
| Farm | 9 | |
| Barracks | 1 | |
| Lumber Mill | 1 | |
| Scout Tower | 5 | |
| Arcane Tower | 5 | |
| Guard Tower | 2 | |
| Keep | 1 | |
| Blacksmith | 1 | |
| Castle | 1 | |
| Workshop | 2 | |
29 total
» build order
00:22 Altar of Kings
00:36 Farm
00:53 Barracks
01:20 Lumber Mill
01:33 Farm
01:52 Scout Tower
02:19 Farm
03:03 Arcane Tower
03:04 Arcane Tower
03:10 Scout Tower
03:17 Farm
04:10 Guard Tower
04:14 Farm
04:18 Scout Tower
04:24 Keep
04:57 Arcane Tower
04:57 Arcane Tower
05:07 Blacksmith
05:14 Scout Tower
05:46 Guard Tower
05:57 Farm
06:43 Scout Tower
07:07 Castle
07:20 Arcane Tower
08:50 Workshop
09:18 Workshop
11:05 Farm
13:31 Farm
15:07 Farm
Chat log
(00:26 / Allies) FrAnKeInStEiN: units?
(00:32 / Allies) FrAnKeInStEiN: up for a rush guys?
(00:35 / All) 147847281478278: sup the dark elves and frank
(00:40 / All) 147847281478278: did you enjoy the standoff?
(00:52 / All) 147847281478278: ??????
(01:02 / All) 147847281478278: people on highper.ch found it hilarious if you didn't
(01:40 / All) 147847281478278: frank, you plan on going for 1 warden into getting raped again?
(01:48 / All) 147847281478278: and mass footie for the dark elves?
(01:57 / All) 147847281478278: ??????
(02:01 / All) deadman_inc: who the fuck is frank
(02:09 / All) 147847281478278: frankenstein is some kid I raped in a standoff
(02:14 / All) 147847281478278: he left after and was butthurt
(02:16 / All) FrAnKeInStEiN: huh?
(02:17 / All) deadman_inc: lol
(02:22 / All) 147847281478278: the mexican standoff, idiot
(02:24 / All) FrAnKeInStEiN: first game since 2 years ahah
(02:29 / All) 147847281478278: lol sure
(02:33 / All) 147847281478278: your match history said otherwise
(02:34 / All) FrAnKeInStEiN: ...
(03:14 / Allies) 147847281478278: b idiot
(06:08 / Allies) FrAnKeInStEiN: lets hit?
(07:01 / Allies) 147847281478278: hit faggots
(07:08 / Allies) FrAnKeInStEiN: meet
(07:10 / Allies) FrAnKeInStEiN: lets go
(07:20 / Allies) FrAnKeInStEiN: keep sending
(07:32 / Allies) FrAnKeInStEiN: btw orange i never play ne so ....
(07:51 / Allies) 147847281478278: and I never play orc
(07:54 / Allies) 147847281478278: doesn't mean I have to suck
(08:04 / Allies) 147847281478278: b moron
(08:59 / All) FrAnKeInStEiN: gg
(09:01 / All) 147847281478278: ez
(09:04 / All) 147847281478278: faggots leave
(09:26 / All) deadman_inc: hey be nice its christmas
(09:30 / All) 147847281478278: shut the fuck up
(09:35 / All) deadman_inc: lol
(09:52 / Allies) 147847281478278: b
(10:07 / Allies) FrAnKeInStEiN: b?
(10:15 / Allies) 147847281478278: yes faggot
(10:24 / Allies) FrAnKeInStEiN: ur the man
(10:32 / Allies) 147847281478278: ty
(11:23 / Allies) FrAnKeInStEiN: anyone needs lumber?
(11:25 / Allies) 147847281478278: me
(11:26 / Allies) shon: ya
(11:33 / Allies) 147847281478278: ty
(11:34 / Allies) shon: thanks
(12:35 / Allies) shon: lets hit again?
(12:38 / Allies) 147847281478278: k
(14:13 / Allies) 147847281478278: are we hitting?
(14:17 / Allies) FrAnKeInStEiN: yep
(14:34 / Allies) shon: massing tanks?
(14:37 / Allies) shon: aight then
(14:55 / Allies) FrAnKeInStEiN: hit lets go
(15:23 / Allies) FrAnKeInStEiN: gogogo
(16:08 / Allies) FrAnKeInStEiN: u seirous?
(16:13 / Allies) 147847281478278: yes
(16:36 / Allies) 147847281478278: distracted nigger
(16:47 / Allies) 147847281478278: stop jerking off
(16:49 / Allies) 147847281478278: kill
(16:55 / Allies) FrAnKeInStEiN: orange is tk....
(16:58 / Allies) 147847281478278: LOL
(16:59 / Allies) shon: you are fucking stupid oj
(17:01 / Allies) 147847281478278: stop lying
(17:22 / All) FrAnKeInStEiN: gg
(17:24 / All) 147847281478278: gg
(17:24 / All) FrAnKeInStEiN: orange = tk
(17:29 / All) 147847281478278: frank lost as I itnended
(17:43 / All) shon: gj massing grunts
(17:47 / All) shon: you pos
(17:47 / All) 147847281478278: tyty
(17:50 / Allies) 147847281478278: ez
(18:16 / Allies) 147847281478278: tk
(19:14 / Allies) 147847281478278: gj not tking finally
(19:35 / Allies) shon: gold
(20:11 / Allies) 147847281478278: gold
(20:32 / Allies) 147847281478278: ty
(21:18 / Allies) FrAnKeInStEiN: with orange playing it well this game was so over
(21:22 / Allies) FrAnKeInStEiN: fucking fag
(21:23 / Allies) 147847281478278: thanks purp
(21:24 / Allies) 147847281478278: ?
(21:57 / All) deadman_inc: god pink u ignoring
(23:09 / Allies) 147847281478278: raped
(23:11 / All) deadman_inc: gg
(23:12 / All) 147847281478278: gg
(23:19 / All) 147847281478278: dark elves was better than red in the standoff
(23:55 / All) deadman_inc: oj is my team
(24:00 / All) 147847281478278: yes I am
(24:03 / All) 147847281478278: you were good green
(24:05 / All) deadman_inc: k
(24:08 / All) deadman_inc: ty
(24:11 / All) 147847281478278: np
(24:15 / All) 147847281478278: gg, killed red's hall